 Dungeon Crawl Stone Soup version 0.27.0-1-g7a089689b8 (webtiles) character file.

Game seed: 3994569676122630773

632 robertstho the Chopper (level 7, 0/60 HPs)
             Began as a Purple Draconian Berserker on Aug 6, 2021.
             Was a Believer of Trog.
             Splashed by a jelly's acid (9 damage)
             ... on level 5 of the Dungeon.
             The game lasted 00:03:15 (4355 turns).

robertstho the Chopper (Purple Draconian Berserker) Turns: 4355, Time: 00:03:18

Health: 0/60       AC: -10   Str: 21    XL:     7   Next: 24%
Magic:  7/7        EV: 13    Int: 14    God:    Trog [**....]
Gold:   221        SH:  0    Dex: 10    Spells: 6/6 levels left

rFire    + . .     SeeInvis .   p - +2 hand axe (venom)
rCold    . . .     Faith    .   (no shield)
rNeg     . . .     Spirit   .   (armour unavailable)
rPois    .         Reflect  .   (helmet restricted)
rElec    .         Harm     .   (no cloak)
rCorr    .         Rampage  .   (no gloves)
Will     +....                  (no boots)
Stlth    ++........             (no amulet)
HPRegen  0.20/turn              b - ring of protection from fire
MPRegen  0.10/turn              e - +6 ring of intelligence

@: corroded
A: breathe power, AC +6, unfitting armour, cold-blooded
a: Breathe Dispelling Energy, Renounce Religion, Berserk, Trog's Hand


You were on level 5 of the Dungeon.
You worshipped Trog.
Trog was pleased with you.
You visited 1 branch of the dungeon, and saw 5 of its levels.

You collected 221 gold pieces.

Inventory:

Hand Weapons
 a - a +0 hand axe
 p - a +2 hand axe of venom (weapon)
Jewellery
 b - a ring of protection from fire (left hand)
 e - a +6 ring of intelligence (right hand)
 s - a +6 ring of intelligence
Wands
 r - a wand of iceblast (10)
 t - a wand of digging (2)
Scrolls
 d - a scroll of summoning {unknown}
 g - a scroll of silence {unknown}
 m - a scroll of magic mapping
 n - a scroll of brand weapon {unknown}
 q - a scroll of fog {unknown}
 u - a scroll of enchant weapon {unknown}
Potions
 c - a potion of lignification {unknown}
 f - a potion of curing
 h - a potion of mutation {unknown}
 i - a potion of magic {unknown}
 j - a potion of resistance {unknown}
 k - a potion of heal wounds {unknown}
 l - a potion of degeneration {unknown}
 o - 2 potions of invisibility {unknown}


   Skills:
 + Level 4.9 Fighting
 + Level 5.7 Axes
 * Level 5.1 Dodging
 + Level 1.6 Stealth


You had 6 spell levels left.
You didn't know any spells.
Your spell library was empty.

Dungeon Overview and Level Annotations

Branches:
Dungeon (5/15)
 Temple: D:4-7

Altars:
Elyvilon
Kikubaaqudgha

Shops:
D:2 *


Innate Abilities, Weirdness & Mutations

You can breathe bolts of dispelling energy.
Your rich purple scales are hard. (AC +6)
You cannot fit into any form of body armour.
You are cold-blooded and may be slowed by cold attacks.


Message History

u - a scroll labelled GOM ZOGEWASAJE
There is a stone staircase leading down here.
A jelly comes into view.
Found a scroll labelled LOKEXKYSMOKH.
A jelly is nearby!
A jelly is nearby!
A jelly is nearby!
A jelly is nearby!
A jelly is nearby!
The jelly quivers.
You barely miss the jelly.
You tail-slap the jelly, but do no damage.
The jelly closely misses you.
You slash the jelly!
Your hands burn!
The jelly is heavily wounded.
The jelly hits you. The acid corrodes you!
You are splashed with acid!
You hit the jelly but do no damage. The acid corrodes you!
Your hands burn!
The jelly is heavily wounded.
The jelly hits you. The acid corrodes you!
You are splashed with acid.
You hit the jelly but do no damage.
Your hands burn!
The jelly is heavily wounded.
The jelly barely misses you.
You completely miss the jelly.
The jelly is heavily wounded.
The jelly barely misses you.
You hit the jelly.
Your hands burn!
The jelly is severely wounded.
The jelly closely misses you.
You hit the jelly but do no damage.
The jelly is poisoned.
Your hands burn!
The jelly is severely wounded.
The jelly hits you.
You are splashed with acid!
* * * LOW HITPOINT WARNING * * *
You hit the jelly but do no damage.
The jelly looks as sick as possible!
The acid corrodes you!
Your hands burn!
* * * LOW HITPOINT WARNING * * *
The jelly is severely wounded.
The jelly hits you.
* * * LOW HITPOINT WARNING * * *
You are splashed with acid!
You die...

#..)...# ..#
#.# #.##...#
#.#
###.#.###.#
#.# ......# ..
#.#
###.#.###.##.#
#.# ###......#
# #.#
....####.#
######.# ###.#
# #......#
###.# #@######
....# # #J#
###.####....
..#
...#........
####
###.########
#.# ###.#
....# #####


You could see a jelly (extremely poisoned).

Vanquished Creatures
  Eustachio (D:5)
  Edmund (D:5)
  A necrophage (D:3)
  An ogre (D:4)
  Blork the orc (D:5)
  A hound (D:4)
  4 adders
  A worm (D:5)
  4 dart slugs
  5 orcs
  10 ball pythons
  6 endoplasms
  4 giant cockroaches
  7 hobgoblins
  3 quokkas
  4 bats
  4 goblins
  7 kobolds
  4 rats
69 creatures vanquished.

Vanquished Creatures (others)
  A human (D:4)
1 creature vanquished.

Grand Total: 70 creatures vanquished

Notes
Turn   | Place    | Note
-------+----------+-------------------------------------------
     0 | D:1      | robertstho the Draconian Berserker began the quest for the
                  | Orb.
     0 | D:1      | Reached XP level 1. HP: 19/19 MP: 1/1
     2 | D:1      | Noticed a ghoul
     2 | D:1      | Noticed a demigod
     4 | D:1      | Noticed a vampire
     4 | D:1      | Noticed a draconian
     6 | D:1      | Noticed a human
     6 | D:1      | Noticed an elf
     8 | D:1      | Noticed an ogre
     8 | D:1      | Noticed a dwarf
    10 | D:1      | Noticed a demonspawn
    10 | D:1      | Noticed a vine stalker
    12 | D:1      | Noticed an octopode
    12 | D:1      | Noticed a troll
    14 | D:1      | Noticed a tengu
    16 | D:1      | Noticed a naga
    16 | D:1      | Noticed a spriggan
    18 | D:1      | Noticed a merfolk
    20 | D:1      | Noticed a palentonga
    20 | D:1      | Noticed a djinni
    22 | D:1      | Noticed a barachi
    24 | D:1      | Noticed a gargoyle
    24 | D:1      | Noticed a felid
    26 | D:1      | Noticed a minotaur
    26 | D:1      | Noticed a formicid
   158 | D:1      | Reached XP level 2. HP: 26/26 MP: 2/2
   674 | D:1      | Found a faded altar of an unknown god.
   896 | D:2      | Reached XP level 3. HP: 27/33 MP: 3/3
  1432 | D:2      | Reached ** piety under Trog
  1683 | D:2      | Found Recom's Assorted Antiques.
  1809 | D:3      | Reached XP level 4. HP: 40/40 MP: 4/4
  2236 | D:3      | Noticed a necrophage
  2251 | D:3      | Killed a necrophage
  2252 | D:3      | Reached XP level 5. HP: 36/46 MP: 5/5
  2883 | D:4      | Found a white marble altar of Elyvilon.
  3214 | D:4      | Found an ancient bone altar of Kikubaaqudgha.
  3223 | D:4      | Noticed a human
  3225 | D:4      | Killed a human
  3316 | D:4      | Noticed an ogre
  3327 | D:4      | Killed an ogre
  3328 | D:4      | Reached XP level 6. HP: 15/53 MP: 6/6
  3613 | D:4      | Reached skill level 1 in Stealth
  3790 | D:5      | Entered Level 5 of the Dungeon
  3803 | D:5      | Noticed Eustachio
  3977 | D:5      | Killed Eustachio
  3978 | D:5      | Reached skill level 5 in Axes
  4064 | D:5      | Noticed Blork the orc
  4074 | D:5      | Killed Blork the orc
  4075 | D:5      | Your scales start taking on a rich purple colour.
  4075 | D:5      | Reached XP level 7. HP: 50/60 MP: 7/7
  4169 | D:5      | Noticed Edmund
  4178 | D:5      | Killed Edmund
  4179 | D:5      | Reached skill level 5 in Dodging
  4355 | D:5      | Splashed by a jelly's acid

Illustrated notes

Levels and vault maps discovered:
D:1:      kb_arrival_jail, layout_basic, basic_ecumenical_altar
D:2:      layout_loops_ring, serial_shops, shop, minmay_ruptured
D:3:      minmay_spotlight, layout_basic, grunt_decor_arrowhead,
          hangedman_abyss_or_decor_stabs, kennysheep_another_room
D:4:      layout_loops_ring, tgw_kikubaaqudgha,
          mainiacjoe_overflow_small_starburst, solitary_fountain
D:5:      layout_loops_ring, old_standard_altar, uniq_eustachio,
          uniq_blork_the_orc, uniq_edmund

Skill      XL: |  1  2  3  4  5  6  7 |
---------------+----------------------+-----
Dodging        | 3 4 5 |  5.1
Fighting       | 4 |  4.9
Axes           | 4 5 |  5.7
Stealth        | 1 |  1.6

Action                   |  1- 3 |  4- 6 |  7- 9 || total
-------------------------+-------+-------+-------++-------
Melee: Hand axe          |   116 |   117 |    17 ||   250
       Tailslap          |    10 |     9 |     2 ||    21
Invok: Berserk           |     1 |     3 |     1 ||     5
  Use: Scroll            |     2 |     1 |       ||     3
 Stab: Sleeping          |     2 |     2 |       ||     4
Armor: Skin              |    40 |    30 |     1 ||    71
Dodge: Dodged            |    86 |    64 |     7 ||   157
